 Dungeon Crawl Stone Soup version 0.30-a0-1094-g860fb061e7 (webtiles) character file.

Game seed: 6632669492563428661

15936 mopl the Jinx (level 12, -6/99 HPs)
             Began as a Deep Elf Enchanter on Apr 17, 2023.
             Was a Priest of Dithmenos.
             Mangled by a death yak (25 damage)
             ... in an ice cave.
             The game lasted 00:22:23 (10233 turns).

mopl the Jinx (Deep Elf Enchanter)                 Turns: 10233, Time: 00:22:24

Health: -6/99      AC:  5    Str:  5    XL:     12   Next: 5%
Magic:  29/29      EV: 17    Int: 26    God:    Dithmenos [***...]
Gold:   823        SH:  0    Dex: 15    Spells: 13/33 levels left

rFire   + . .      SeeInvis .    a - +1 dagger
rCold   + . .      Faith    .    (no shield)
rNeg    . . .      Spirit   .    I - +2 robe {rC+}
rPois   .          Reflect  .    (no helmet)
rElec   .          Rampage  .    w - scarf {repulsion}
rCorr   .                        b - +0 pair of gloves
Will    +....                    (no boots) Stlth
                                 (no amulet)
HPRegen 0.36/turn                r - +5 ring of evasion
MPRegen 0.21/turn                h - ring of protection from fire

@: berserking, wreathed by umbra, repel missiles, slow
A: no striking features
a: Renounce Religion, Shadow Step


You were in an ice cave.
You worshipped Dithmenos.
Dithmenos was most pleased with you.
You visited 2 branches of the dungeon, and saw 12 of its levels.
You also visited: Ice Cave.

You collected 823 gold pieces.

Inventory:

Hand Weapons
 a - a +1 dagger (weapon)
Missiles
 k - 25 poisoned darts
 q - 3 curare-tipped darts
 t - 15 boomerangs
Armour
 b - a +0 pair of gloves (worn)
 w - a scarf of repulsion (worn)
 I - a +2 robe of cold resistance (worn)
Jewellery
 h - a ring of protection from fire (right hand)
 r - a +5 ring of evasion (left hand)
 E - a ring of protection from cold
Wands
 o - a wand of iceblast (6)
 s - a wand of digging (4)
 u - a wand of flame (4)
 z - a wand of polymorph (2)
 K - a wand of acid (3)
 M - a wand of mindburst (8)
Scrolls
 e - 5 scrolls of enchant weapon {unknown}
 f - 2 scrolls of poison
 g - 2 scrolls of amnesia {unknown}
 i - 4 scrolls of magic mapping {unknown}
 m - 2 scrolls of brand weapon {unknown}
 n - 3 scrolls of teleportation {unknown}
 v - a scroll of summoning
 x - 3 scrolls of fog {unknown}
 y - 2 scrolls of fear {unknown}
 H - 2 scrolls of immolation
 L - a scroll of vulnerability
Potions
 c - 2 potions of invisibility
 d - a potion of berserk rage {!q}
 j - 5 potions of curing
 l - a potion of lignification {!q}
 p - 2 potions of mutation {!q}
 B - a potion of haste
 C - 3 potions of might
 G - 2 potions of ambrosia


   Skills:
 + Level 4.2 Fighting
 + Level 8.3 Short Blades
 - Level 2.4 Dodging
 + Level 11.5 Stealth
 + Level 11.2 Spellcasting
 + Level 11.7 Hexes
 + Level 7.2 Transmutations
 + Level 7.3 Earth Magic


You had 13 spell levels left.
You knew the following spells:

 Your Spells              Type           Power      Damage    Failure   Level
a - Dazzling Flash        Conj/Hex       90%        N/A       1%          3
b - Ensorcelled Hibernat  Hex/Ice        90%        N/A       1%          2
c - Confusing Touch       Hex            66%        N/A       1%          3
d - Tukima's Dance        Hex            66%        N/A       1%          3
t - Petrify               Tmut/Erth      51%        N/A       1%          4
y - Yara's Violent Unrav  Hex/Tmut       29%        3d12      2%          5

Your spell library contained the following spells:

 Spells                   Type           Power      Damage    Failure   Level
 Slow                     Hex            100%       N/A       1%          1
 Poisonous Vapours        Pois/Air       28%        N/A       6%          2
 Sublimation of Blood     Necr           14%        N/A       6%          2
 Silence                  Hex/Air        22%        N/A       11%         5
 Mephitic Cloud           Conj/Pois/Air  14%        N/A       12%         3
 Vampiric Draining        Necr           14%        2d7       12%         3
 Irradiate                Conj/Tmut      16%        3d17      26%         5
 Passage of Golubria      Tloc           14%        N/A       38%         4
 Agony                    Necr           14%        N/A       75%         5
 Freezing Cloud           Conj/Ice/Air   7%         6-21      75%         5
 Discord                  Hex            33%        N/A       91%         8
 Conjure Ball Lightning   Conj/Air       7%         3x3d6     99%         6
 Borgnjor's Revivificati  Necr           7%         N/A       100%        8
 Disjunction              Tloc           7%         N/A       100%        8
 Necromutation            Tmut/Necr      16%        N/A       100%        8
 Death's Door             Necr           7%         N/A       100%        9


Dungeon Overview and Level Annotations

Branches:
Dungeon (11/15)            Temple (1/1) D:7             Orc (0/2) D:10
  IceCv (1/1)
   Lair: D:8-11

Altars:
Ashenzari
Cheibriados
Dithmenos
Elyvilon
Fedhas
Gozag
Hepliaklqana
Kikubaaqudgha
Makhleb
Nemelex Xobeh
Okawaru
Qazlal
Ru
Sif Muna
Trog
Uskayaw
Vehumet
Wu Jian
Xom
Yredelemnul
Zin
The Shining One

Shops:
D:5 :

Annotations:
D:8 exclusion: death yak
D:9 3 runed translucent doors, sastreii's ghost, journeyman OgGl
D:10 fly IceCv exclusion: ice statue


Message History

The death yak is lightly wounded.
The death yak gores you!!
* * * LOW HITPOINT WARNING * * *
Aiming: Corrosive Bolt
Press: ? - help, Shift-Dir - straight line, f/p - death yak
Aim: a death yak (lightly wounded, umbra, 90% to hit)
The bolt of acid hits the death yak!
The death yak seems to be corroded for longer.
The death yak is severely wounded.
The bolt of acid hits the death yak!
The death yak is moderately wounded.
The death yak gores you!
* * * LOW HITPOINT WARNING * * *
Okay, then.
Aiming: Corrosive Bolt
Press: ? - help, Shift-Dir - straight line, f/p - death yak
Aim: a death yak (moderately wounded, umbra, 90% to hit)
The bolt of acid hits the death yak!!
The death yak seems to be corroded for longer.
The death yak is almost dead.
The bolt of acid hits the death yak!
The death yak is moderately wounded.
The death yak completely misses you.
You feel much better. The death yak gores you.
The death yak completely misses you.
There are monsters nearby!
Really quaff
d - 2 potions of berserk rage {!q}?
A red film seems to cover your vision as you go berserk!
You feel yourself moving faster!
You feel mighty! The death yak completely misses you.
The death yak closely misses you.
Your unstable footing causes you to fumble your attack.
The death yak gores you! The death yak gores you!!
* * * LOW HITPOINT WARNING * * *
You puncture the death yak!
You kill the death yak!
Dithmenos accepts your kill.
You hit the death yak.
The death yak is heavily wounded.
The death yak gores you!!
You die...

##...# ###Y.##
#..### ###††.###
##...##
#..Y####$#
###..#
##†††####. #..##
###.YY##. ##..##
###.Y†. ###..#
##### ####
#######~~.##
#...##~~≈#@~####
#..~#~†~Y##
####.~~#~#~#
#....#####~#
#..#...Y.#### ##
###Y⌠.# )[$#
####


You could see a death yak.

Vanquished Creatures
  2 two-headed ogres
  4 death yaks (IceCv)
  Maggie (D:8)
  2 rime drakes (D:11)
  6 polar bears (IceCv)
  A hornet (D:8)
  3 trolls
  Prince Ribbit (D:8)
  Sigmund (D:3)
  A wraith (D:10)
  18 yaks
  A wyvern (D:9)
  2 steam dragons
  An acid dragon (D:11)
  2 water moccasins
  A sky beast (D:7)
  4 orc warriors
  21 wolves (IceCv)
  3 centaurs
  2 bullfrogs (D:8)
  Blork the orc (D:4)
  8 scorpions
  3 wights
  8 killer bees
  5 howler monkeys
  4 orc priests
  3 hounds
  5 jellies
  6 iguanas
  4 orc wizards
  A statue (D:5)
  4 gnolls
  7 adders
  A shadow imp (D:7)
  A white imp (D:7)
  3 ufetubi
  2 worms (D:5)
  2 dart slugs (D:2)
  33 orcs
  2 ball pythons (D:2)
  7 bats
  4 endoplasms
  3 goblins
  6 hobgoblins
  8 jackals
  3 quokkas
  A frilled lizard (D:2)
  6 kobolds
  6 rats
224 creatures vanquished.

Vanquished Creatures (collateral kills)
  A two-headed ogre (D:6)
  Edmund (D:5)
  An orc warrior (D:4)
  An ogre (D:4)
  7 wights
  A shadow imp (D:5)
12 creatures vanquished.

Vanquished Creatures (others)
  3 dancing weapons (D:7)
  3 fungi (D:9)
  50 plants
56 creatures vanquished.

Grand Total: 292 creatures vanquished

Notes
Turn   | Place    | Note
-------+----------+-------------------------------------------
     0 | D:1      | mopl the Deep Elf Enchanter began the quest for the Orb.
     0 | D:1      | Reached XP level 1. HP: 10/10 MP: 6/6
   391 | D:1      | Reached XP level 2. HP: 14/15 MP: 8/8
   394 | D:1      | Learned a level 2 spell: Ensorcelled Hibernation
  1037 | D:2      | Reached skill level 4 in Stealth
  1162 | D:2      | Reached XP level 3. HP: 19/19 MP: 5/10
  1166 | D:2      | Learned a level 3 spell: Confusing Touch
  1170 | D:2      | Learned a level 3 spell: Tukima's Dance
  1864 | D:3      | Reached skill level 2 in Short Blades
  1866 | D:3      | Reached XP level 4. HP: 17/24 MP: 5/11
  1954 | D:3      | Reached skill level 4 in Spellcasting
  1999 | D:2      | HP: 1/24 [gnoll/+0 flail (9)]
  2102 | D:3      | Reached skill level 5 in Hexes
  2182 | D:3      | Found an iron altar of Okawaru.
  2182 | D:3      | Found a sparkling altar of Nemelex Xobeh.
  2199 | D:3      | Found a broken altar of Ashenzari.
  2202 | D:3      | Found a white marble altar of Elyvilon.
  2243 | D:3      | Noticed Sigmund
  2617 | D:3      | Killed Sigmund
  2618 | D:3      | Reached skill level 3 in Short Blades
  2618 | D:3      | Reached skill level 5 in Stealth
  2618 | D:3      | Reached skill level 5 in Spellcasting
  2618 | D:3      | Reached XP level 5. HP: 24/28 MP: 3/14
  2618 | D:3      | Reached XP level 6. HP: 27/32 MP: 3/15
  3243 | D:4      | Learned a level 3 spell: Dazzling Flash
  3298 | D:4      | Reached skill level 6 in Hexes
  3423 | D:4      | Reached skill level 6 in Stealth
  3532 | D:4      | Found a hide-covered altar of Uskayaw.
  3549 | D:4      | Noticed a +0 short sword
  3550 | D:4      | Noticed a +0 dagger
  3550 | D:4      | Noticed a +0 spear
  3551 | D:4      | Noticed a +0 dagger
  3552 | D:4      | Noticed a +0 spear
  3552 | D:4      | Noticed a +0 falchion
  3553 | D:4      | Noticed a +0 short sword
  3554 | D:4      | Noticed a +0 falchion
  3589 | D:4      | Noticed Blork the orc
  3596 | D:4      | Killed Blork the orc
  3597 | D:4      | Reached XP level 7. HP: 19/36 MP: 10/17
  3740 | D:4      | Reached skill level 6 in Spellcasting
  3962 | D:5      | Entered Level 5 of the Dungeon
  3999 | D:5      | Noticed Edmund
  4016 | D:5      | Killed Edmund
  4017 | D:5      | Reached skill level 4 in Short Blades
  4069 | D:5      | Reached skill level 7 in Hexes
  4260 | D:5      | Found Eclay's Book Shoppe.
  4278 | D:5      | Reached skill level 7 in Stealth
  4301 | D:5      | Found a radiant altar of Vehumet.
  4564 | D:5      | Found a burning altar of Makhleb.
  4570 | D:5      | Reached XP level 8. HP: 41/41 MP: 15/20
  4753 | D:5      | Reached skill level 7 in Spellcasting
  4817 | D:5      | Learned a level 4 spell: Petrify
  4889 | D:5      | Reached skill level 1 in Transmutations
  4937 | D:5      | Reached skill level 5 in Short Blades
  4937 | D:5      | Reached skill level 1 in Earth Magic
  5501 | D:6      | Found a snail-covered altar of Cheibriados.
  5609 | D:6      | Reached skill level 8 in Hexes
  5711 | D:6      | Reached skill level 2 in Transmutations
  5715 | D:6      | Noticed a two-headed ogre
  5736 | D:6      | Reached skill level 8 in Stealth
  5736 | D:6      | Reached skill level 2 in Earth Magic
  6023 | D:6      | Reached XP level 9. HP: 45/45 MP: 20/22
  6129 | D:6      | Killed a two-headed ogre
  6130 | D:6      | Reached skill level 8 in Spellcasting
  6130 | D:6      | Reached skill level 3 in Transmutations
  6130 | D:6      | Reached skill level 3 in Earth Magic
  6321 | D:7      | Found a shimmering blue altar of Sif Muna.
  6447 | D:7      | Reached skill level 9 in Hexes
  6513 | D:7      | Reached skill level 6 in Short Blades
  6618 | D:7      | Reached skill level 9 in Stealth
  6704 | D:7      | Found a staircase to the Ecumenical Temple.
  6711 | Temple   | Entered the Ecumenical Temple
  6812 | Temple   | Became a worshipper of Dithmenos the Shadowed
  6850 | D:7      | Reached skill level 4 in Earth Magic
  6897 | D:7      | Reached skill level 4 in Transmutations
  7273 | D:8      | Noticed Maggie
  7284 | D:8      | Killed Maggie
  7285 | D:8      | Reached skill level 9 in Spellcasting
  7285 | D:8      | Reached XP level 10. HP: 51/51 MP: 18/25
  7429 | D:8      | Reached * piety under Dithmenos
  7430 | D:8      | Reached skill level 1 in Fighting
  7445 | D:8      | Found a sacrificial altar of Ru.
  7445 | D:8      | Found a basalt altar of Yredelemnul.
  7567 | D:8      | Noticed Prince Ribbit
  7574 | D:8      | Killed Prince Ribbit
  7840 | D:8      | Noticed a death yak
  7947 | D:9      | Reached skill level 5 in Earth Magic
  7957 | D:9      | Reached skill level 5 in Transmutations
  7960 | D:9      | Reached skill level 10 in Hexes
  8042 | D:9      | Found a runed translucent gate.
  8042 | D:9      | Found a runed translucent gate.
  8042 | D:9      | Found a runed translucent gate.
  8045 | D:9      | Noticed sastreii's ghost (journeyman OgGl)
  8053 | D:9      | Reached skill level 2 in Fighting
  8071 | D:9      | Learned a level 5 spell: Yara's Violent Unravelling
  8122 | D:9      | Found a stormy altar of Qazlal.
  8160 | D:9      | Noticed a two-headed ogre
  8168 | D:9      | Killed a two-headed ogre
  8169 | D:9      | Reached skill level 7 in Short Blades
  8169 | D:9      | Reached skill level 10 in Stealth
  8487 | D:9      | Reached ** piety under Dithmenos
  8665 | D:10     | Entered Level 10 of the Dungeon
  8719 | D:10     | Reached skill level 10 in Spellcasting
  8800 | D:10     | Reached XP level 11. HP: 31/59 MP: 24/27
  8922 | D:10     | Found a staircase to the Orcish Mines.
  8930 | D:10     | Noticed a two-headed ogre
  8935 | D:10     | Killed a two-headed ogre
  8936 | D:10     | Reached skill level 6 in Earth Magic
  9022 | D:10     | Reached skill level 3 in Fighting
  9042 | D:10     | Reached skill level 6 in Transmutations
  9459 | D:11     | Found a frozen archway.
  9500 | IceCv    | Entered an ice cave
  9541 | IceCv    | Reached skill level 11 in Hexes
  9874 | IceCv    | Reached skill level 11 in Stealth
  9881 | IceCv    | Noticed a death yak
  9881 | IceCv    | Noticed a death yak
  9886 | IceCv    | Killed a death yak
  9900 | IceCv    | Reached skill level 8 in Short Blades
  9952 | IceCv    | Killed a death yak
  9953 | IceCv    | Reached skill level 4 in Fighting
  9953 | IceCv    | Reached skill level 11 in Spellcasting
  9953 | IceCv    | Reached skill level 7 in Earth Magic
  9965 | IceCv    | Reached *** piety under Dithmenos
 10156 | IceCv    | Reached skill level 7 in Transmutations
 10215 | IceCv    | Noticed a death yak
 10215 | IceCv    | Noticed a death yak
 10216 | IceCv    | Noticed a death yak
 10223 | IceCv    | Killed a death yak
 10224 | IceCv    | Reached XP level 12. HP: 37/66 MP: 29/29
 10232 | IceCv    | Killed a death yak
 10233 | IceCv    | Mangled by a death yak

Illustrated notes

Levels and vault maps discovered:
D:1:      co_arrival_square_in_a_square_in_a_square, layout_basic
D:2:      layout_basic, minmay_misc_feat_iff, kennysheep_generic_room_8
D:3:      layout_basic, grunt_temple_overflow_cloverleaf, uniq_sigmund
D:4:      layout_rooms, nicolae_uskayaw_en_pointe, minmay_misc_feat_chi,
          uniq_blork_the_orc
D:5:      wad_river_or_something, layout_loops_ring,
          mainiacjoe_overflow_small_starburst, vehumet_statue, serial_shops,
          shop, serial_bayou, serial_bayou_lake_a, serial_bayou_pond_e,
          serial_bayou_lagoon_b, serial_bayou_lagoon_a, uniq_edmund
D:6:      layout_rooms, cheibriados_altar_1
D:7:      layout_basic, general_overflow_altar, temple_fountains,
          chequers_serial_rivers_marsh, st_stairs_3
D:8:      layout_basic, chequers_temple_overflow_statue_of_worship,
          dpeg_lair_monsters, uniq_prince_ribbit1, uniq_maggie, uniq_amaemon
D:9:      layout_rooms, mainiacjoe_overflow_24_doors,
          gammafunk_ghost_nasty_kobolds
D:10:     layout_small_grid, orc_0_dummy, water_boxes_lemuel
D:11:     layout_irregular_city, portal_ice_cave_rime, hangedman_feature_mirror
Temple:   compressed_dpeg_circular_temple
IceCv:    ice_cave_caverns_03

Skill      XL: |  1  2  3  4  5  6  7  8  9 10 11 |
---------------+----------------------------------+-----
Stealth        | 4 5 6 7 8 9 10 11 | 11.5
Short Blades   | 2 3 4 5 6 7 8 |  8.3
Spellcasting   | 5 6 7 9 10 11 | 11.2
Hexes          | 5 6 7 8 9 10 11 | 11.7
Transmutations | 2 4 5 7 |  7.2
Earth Magic    | 2 4 5 7 |  7.3
Fighting       | 2 4 |  4.2
Dodging        | |  2.4

Action                     |  1- 3 |  4- 6 |  7- 9 | 10-12 || total
---------------------------+-------+-------+-------+-------++-------
  Melee: Dagger            |    91 |    35 |   186 |   196 ||   508
         Punch             |     1 |       |     3 |     2 ||     6
   Cast: Ensorcelled Hiber |    23 |    37 |    59 |    85 ||   204
         Tukima's Dance    |       |     7 |    15 |     3 ||    25
         Confusing Touch   |       |       |     7 |     6 ||    13
  Evoke: Wand              |       |       |       |     6 ||     6
    Use: Scroll            |       |       |       |    16 ||    16
         Potion            |       |       |       |     4 ||     4
   Stab: Sleeping          |    30 |    21 |    63 |    83 ||   197
         Confused          |       |       |     5 |     8 ||    13
         Invisible         |       |       |       |     5 ||     5
 Armour: Robe              |    15 |     3 |    10 |    10 ||    38
  Dodge: Dodged            |    49 |    26 |    72 |   125 ||   272
         Repelled          |       |       |     3 |     1 ||     4

Table legend: (Time is in decaauts)
 A = Elapsed time spent in this place.
 B = Non-inter-level travel time spent in this place.
 C = Inter-level travel time spent in this place.
 D = Time resting spent in this place.
 E = Time spent auto-exploring this place.
 F = Levels seen in this place.
 G = Mean time per level.
                   A        B        C        D        E       F      G
               +--------+--------+--------+--------+--------+-----+--------+
         Total |  10218 |   9605 |    613 |   1994 |   5514 |  13 |  786.0 |
       Dungeon |   9391 |   8821 |    570 |   1617 |   5356 |  11 |  853.7 |
        Temple |    118 |     76 |     42 |      0 |     67 |   1 |  118.0 |
      Ice Cave |    708 |    708 |      0 |    377 |     91 |   1 |  708.0 |
               +--------+--------+--------+--------+--------+-----+--------+

Top non-repeatable levels by time:
     D:5: 1832 daAuts
     D:3: 1442 daAuts
     D:1: 1027 daAuts
     D:2: 833 daAuts
     D:8: 828 daAuts
     D:9: 764 daAuts
     D:7: 761 daAuts
    D:10: 724 daAuts
   IceCv: 708 daAuts
     D:4: 648 daAuts
     D:6: 467 daAuts
  Temple: 118 daAuts
    D:11: 60 daAuts
